 Dungeon Crawl Stone Soup version 0.17-a0-2231-gd80ca38 (webtiles) character file.

737 Eldritch the Chopper (level 7, -17/66 HPs)
             Began as a Deep Dwarf Fighter on Oct 29, 2015.
             Was a Follower of Trog.
             Demolished by Menkaure (21 damage)
             ... on level 5 of the Dungeon.
             The game lasted 00:05:56 (2661 turns).

Eldritch the Chopper (Deep Dwarf Fighter)           Turns: 2661, Time: 00:05:56

Health: -17/66     AC:  7    Str: 22    XL:     7   Next: 46%
Magic:  5/5        EV:  7    Int: 12    God:    Trog [*.....]
Gold:   244        SH: 10    Dex: 12    Spells: 0 memorised, 6 levels left

rFire  + . .     SeeInvis .     a - +0 war axe
rCold  + . .     Clarity  .     b - +0 scale mail
rNeg   . . .     SustAt   .     c - +0 shield
rPois  .         Gourm    .     w - +0 hat of Gecag {rC+ Int+4}
rElec  .         Spirit   .     (no cloak)
rCorr  .         Warding  .     (no gloves)
rMut   .         Stasis   .     (no boots)
MR     +....                    (no amulet)
Stlth  ..........               (no ring)
                                g - ring of protection from fire

@: non-regenerating, somewhat resistant to hostile enchantments, extremely
unstealthy
A: damage resistance, recharge devices, sense surroundings 1, slow regeneration
3
a: Device Recharging, Berserk, Burn Spellbooks, Renounce Religion


You were on level 5 of the Dungeon.
You worshipped Trog.
Trog was aware of your devotion.
You were not hungry.

You visited 1 branch of the dungeon, and saw 5 of its levels.

You collected 244 gold pieces.

Inventory:

Hand Weapons
 a - a +0 war axe (weapon)
Armour
 b - a +0 scale mail (worn)
 c - a +0 shield (worn)
 w - the +0 hat of Gecag (worn) {rC+ Int+4}
   (You found it on level 4 of the Dungeon)

   It affects your intelligence (+4).
   It protects you from cold.
Jewellery
 g - a ring of protection from fire (left hand)
 j - an uncursed amulet of clarity {unknown}
 q - an uncursed ring of protection from fire
Wands
 e - a wand of heal wounds (4)
 o - a wand of confusion (27)
 u - a wand of digging (5)
Scrolls
 d - 2 scrolls of amnesia {unknown}
 h - 3 scrolls of blinking {unknown}
 i - 5 scrolls of identify {unknown}
 l - 5 scrolls of teleportation {unknown}
 m - 3 scrolls of recharging {unknown}
 x - a scroll of immolation {unknown}
Potions
 n - 2 potions of curing
 p - a potion of agility {unknown}
 r - a potion of ambrosia {unknown}
 t - a potion of brilliance {unknown}
 v - a potion of haste {unknown}
 z - a potion of degeneration {unknown}
 A - a potion of poison {unknown}
Books
 y - a book of Flames

   Spells                             Type                      Level
   a - Flame Tongue                   Conjuration/Fire             1
   b - Throw Flame                    Conjuration/Fire             2
   c - Conjure Flame                  Conjuration/Fire             3
   d - Inner Flame                    Hexes/Fire                   3
   e - Sticky Flame                   Conjuration/Fire             4
   f - Fireball                       Conjuration/Fire             5
   Trog disapproves of the use of such an item.
Comestibles
 f - 2 bread rations
 k - 2 meat rations
 s - a slice of pizza


   Skills:
 + Level 4.4 Fighting
 * Level 6.0 Axes
 + Level 5.2 Armour
 + Level 5.1 Shields


You had 6 spell levels left.
You didn't know any spells.

Dungeon Overview and Level Annotations

Branches:
Dungeon (5/15)             Temple (0/1) D:4

Altars:
Ashenzari
Cheibriados
Fedhas
Kikubaaqudgha
Trog

Annotations:
D:5 Menkaure


Innate Abilities, Weirdness & Mutations

You are resistant to damage.
You can recharge devices by infusing magical energy.
You passively map a small area around you.
You do not regenerate naturally.


Message History

This wand has no charges.
You hit Menkaure.
Menkaure is heavily damaged.
Menkaure hits you!
You hit Menkaure.
Menkaure is heavily damaged.
Menkaure hits you! Menkaure hits you.
You hit Menkaure.
Menkaure is severely damaged.
You block Menkaure's attack. Menkaure hits you!
* * * LOW HITPOINT WARNING * * *
You are too injured to fight recklessly!
Evoke which item? (* to show all) (? for menu, Esc to quit)
This wand has no charges.
Evoke which item? (* to show all) (? for menu, Esc to quit)
This wand has no charges.
Charge which item? (? for menu, Esc to quit)
Your wand of heal wounds (0) glows for a moment and now has 4 charges.
Menkaure hits you!!
You die...

* ..#
* #.#
#.#
#.#
#.#
#.#
#M#
#@#
#.#
##.#
#..#
*
#<##
*,
#.# *
#.#
#.# *
*#.#*
*


You could see Menkaure.

Vanquished Creatures
  The ghost of Straylight the Digger, an amateur TrEE (D:3)
  A phantom (D:4)
  A scorpion (D:4)
  2 orc priests (D:4)
  2 orc wizards (D:4)
  A centaur skeleton (D:4)
  An iguana (D:4)
  A hound skeleton (D:4)
  Robin (D:4)
  3 gnolls (D:3)
  3 adders
  2 oozes
  6 worms
  2 giant geckos (D:3)
  10 orcs
  2 ball pythons (D:2)
  9 bats
  A bat zombie (D:3)
  4 giant cockroaches
  10 hobgoblins
  14 jackals
  A giant gecko skeleton (D:4)
  3 giant newts
  19 goblins
  9 kobolds
  4 rats
  A rat zombie (D:3)
114 creatures vanquished.

Notes
Turn   | Place    | Note
--------------------------------------------------------------
     0 | D:1      | Eldritch the Deep Dwarf Fighter began the quest for the Orb.
     0 | D:1      | Reached XP level 1. HP: 20/20 MP: 1/1
   139 | D:1      | Reached XP level 2. HP: 27/27 MP: 2/2
   497 | D:1      | Reached XP level 3. HP: 31/34 MP: 3/3
   834 | D:2      | Found a snail-covered altar of Cheibriados.
  1339 | D:3      | Reached XP level 4. HP: 42/42 MP: 4/4
  1439 | D:3      | Found a bloodstained altar of Trog.
  1471 | D:3      | Found a blossoming altar of Fedhas.
  1499 | D:3      | Found a bloodstained altar of Trog.
  1582 | D:3      | Reached skill level 4 in Armour
  1703 | D:3      | Found a shattered altar of Ashenzari.
  1703 | D:3      | Noticed Straylight's ghost (amateur TrEE)
  1717 | D:3      | Killed Straylight's ghost
  1717 | D:3      | Reached skill level 5 in Axes
  1717 | D:3      | Reached XP level 5. HP: 30/50 MP: 5/5
  1717 | D:3      | Reached XP level 6. HP: 34/57 MP: 6/6
  1866 | D:3      | Found an ancient bone altar of Kikubaaqudgha.
  2113 | D:3      | Became a worshipper of Trog the Wrathful
  2186 | D:4      | Got a twisted hat
  2193 | D:4      | Reached XP level 7. HP: 41/64 MP: 6/6
  2204 | D:4      | Identified the +0 hat of Gecag {rC+ Int+4} (You found it on level 4 of the Dungeon)
  2382 | D:4      | Reached skill level 5 in Armour
  2447 | D:4      | Found a staircase to the Ecumenical Temple.
  2489 | D:4      | Noticed Robin
  2503 | D:4      | Killed Robin
  2504 | D:4      | Reached * piety under Trog
  2504 | D:4      | Reached skill level 5 in Shields
  2511 | D:4      | Reached skill level 6 in Axes
  2649 | D:5      | Entered Level 5 of the Dungeon
  2649 | D:5      | Noticed Menkaure
  2655 | D:5      | HP: 2/66 [Menkaure (8)]
  2661 | D:5      | Demolished by Menkaure

Vault maps used:
D:1:      dpeg_arrival_subterranean_lakeside_camping
D:2:      cheibriados_altar_1
D:3:      cheibrodos_ashenzari_chains, nicolae_overflow_crystal_walls,
          lemuel_crystal_altar, lemuel_zombie_altar_kikubaaqudgha,
          glass_columns_b, hangedman_decor_clover_reticule,
          grunt_decor_mini_mirrors, bloody_trog
D:4:      temple_hall, uniq_robin
D:5:      first_bread, roderic_batcave, uniq_menkaure

Action                   |  1- 3 |  4- 6 |  7- 9 || total
-------------------------+-------+-------+-------++-------
Melee: War axe           |   140 |   127 |    47 ||   314
 Abil: Device Recharging |       |     1 |     1 ||     2
Evoke: Wand              |     1 |     2 |     5 ||     8
  Use: Potion            |       |     1 |     1 ||     2
  Eat: Pizza             |     1 |       |       ||     1
       Beef jerky        |       |     1 |       ||     1
       Bread ration      |       |     1 |       ||     1
